 Dungeon Crawl Stone Soup version 0.27.0-1-g7a089689b8 (webtiles) character file.

Game seed: 16073339203325507955

25 horus123 the Magician (level 2, 0/15 HPs)
             Began as a Deep Elf Hedge Wizard on Aug 14, 2021.
             Slain by a quokka (3 damage)
             ... on level 1 of the Dungeon.
             The game lasted 00:02:51 (830 turns).

horus123 the Magician (Deep Elf Hedge Wizard)        Turns: 830, Time: 00:02:52

Health: 0/15       AC:  2    Str:  7    XL:     2   Next: 86%
Magic:  1/10       EV: 12    Int: 18    God:
Gold:   0          SH:  0    Dex: 14    Spells: 5/12 levels left

rFire    . . .     SeeInvis .   a - +1 dagger
rCold    . . .     Faith    .   (no shield)
rNeg     . . .     Spirit   .   b - +0 robe
rPois    .         Reflect  .   c - +0 hat
rElec    .         Harm     .   (no cloak)
rCorr    .         Rampage  .   (no gloves)
Will     .....                  (no boots)
Stlth    ++........             (no amulet)
HPRegen  0.05/turn              (no ring)
MPRegen  0.12/turn              (no ring)

@: no status effects
A: no striking features
a: no special abilities


You were on level 1 of the Dungeon.
You visited 1 branch of the dungeon, and saw 1 of its levels.

Inventory:

Hand Weapons
 a - a +1 dagger (weapon)
Armour
 b - a +0 robe (worn)
 c - a +0 hat (worn)
Potions
 d - a potion of curing {unknown}


   Skills:
 + Level 2.4 Dodging
 + Level 2.4 Stealth
 * Level 5.5 Spellcasting
 * Level 1.4 Conjurations
 + Level 1.2 Summonings
 + Level 1.1 Translocations


You had 5 spell levels left.
You knew the following spells:

 Your Spells              Type           Power      Damage    Failure   Level
a - Magic Dart            Conj           40%        1d5       7%          1
b - Blink                 Tloc           N/A        N/A       12%         2
c - Call Imp              Summ           9%         N/A       11%         2
d - Slow                  Hex            5%         N/A       19%         2

Your spell library contained the following spells:

 Spells                   Type           Power      Damage    Failure   Level
 Conjure Flame            Conj/Fire      7%         6-21      28%         3
 Mephitic Cloud           Conj/Pois/Air  6%         N/A       30%         3


Dungeon Overview and Level Annotations

Branches:
Dungeon (1/15)

Altars:


Message History

The jackal is almost dead.
The jackal bites you.
* * * LOW HITPOINT WARNING * * *
Aiming: Magic Dart (safe; 7% risk of failure)
Press: ? - help, Q - select action, (/) - cycle Shift-Dir - straight line, f/p - jackal
Aim: a jackal (almost dead, 100% to hit)
The magic dart hits the jackal.
You kill the jackal!
The quokka misses you.
Aiming: Magic Dart (safe; 7% risk of failure)
Press: ? - help, Q - select action, (/) - cycle Shift-Dir - straight line, f - quokka
Aim: a quokka (100% to hit)
You miscast Magic Dart.
You are very lightly contaminated with residual magic.
Nothing appears to happen.
The quokka bites you but does no damage.
You don't have enough magic to cast this spell.
Unknown command.
Unknown command.
The quokka closely misses you.
Your magical contamination has completely faded away.
The quokka bites you.
* * * LOW HITPOINT WARNING * * *
You are too injured to fight recklessly!
Aiming: Magic Dart (safe; 7% risk of failure)
Press: ? - help, Q - select action, (/) - cycle Shift-Dir - straight line, f/p - quokka
Aim: a quokka (100% to hit)
The magic dart hits the quokka.
The quokka is heavily wounded.
The quokka barely misses you.
You closely miss the quokka.
The quokka is moderately wounded.
The quokka misses you.
You hit the quokka.
The quokka is heavily wounded.
The quokka barely misses you.
You closely miss the quokka.
The quokka is moderately wounded.
The quokka bites you.
You die...

#######...#####.#####...##.....#
#...# #.........######## #...#
#######)..# #..†# ###.#### ######
#...# #......# #..... #.[.#
#[#[##.# #.###. ##.##
#.#.##.###.###.
#...#########.#............
##.#####..#....r@.#(####.###.###.
............#####.#.####.# #.###.
...######.### .#......# #.....
#..# .######## ###### #.## .# #.#
.# #†# ## ###.### #.....#


You could see a quokka.

Vanquished Creatures
  A dart slug (D:1)
  2 giant cockroaches (D:1)
  3 hobgoblins (D:1)
  6 jackals (D:1)
  A ball python (D:1)
  3 bats (D:1)
  4 frilled lizards (D:1)
  A kobold (D:1)
  A rat (D:1)
22 creatures vanquished.

Notes
Turn   | Place    | Note
-------+----------+-------------------------------------------
     0 | D:1      | horus123 the Deep Elf Hedge Wizard began the quest for the
                  | Orb.
     0 | D:1      | Reached XP level 1. HP: 10/10 MP: 7/7
   179 | D:1      | Reached skill level 5 in Spellcasting
   252 | D:1      | Reached XP level 2. HP: 15/15 MP: 7/10
   255 | D:1      | Learned a level 2 spell: Blink
   258 | D:1      | Learned a level 2 spell: Call Imp
   261 | D:1      | Learned a level 2 spell: Slow
   306 | D:1      | Found a faded altar of an unknown god.
   830 | D:1      | Slain by a quokka

Illustrated notes

Levels and vault maps discovered:
D:1:      minmay_arrival_semitransparent, layout_loops_cross,
          chequers_ecumenical_altar_simple_redux

Skill      XL: |  1 |
---------------+----+-----
Spellcasting   | 5 |  5.5
Dodging        | |  2.4
Stealth        | |  2.4
Conjurations   | |  1.4
Summonings     | |  1.2
Translocations | |  1.1

Action                   || total
-------------------------++-------
Melee: Dagger            ||     6
 Cast: Magic Dart        ||    67
  Use: Scroll            ||     2
Armor: Robe              ||     3
Dodge: Dodged            ||    22
